General information
- name: BNet
- type: Ladder team game (AT/RT)
- host: Battle.net
- saver: BrownBook
map: Deathknell
- players: 8
- length: 26:51
- speed: Fast
- version: 1.26 W3XP
- replay type: Public
» download(176 KB)
Players
team 1 (winner)

»
marcos- (
yellow | 77 APM | 2058 actions | 26:51)
7 Death Knight
3 Death Coil
3 Unholy Aura
1 Animate Dead
5 Lich
3 Frost Nova
2 Frost Armor
» actions
| Assign group hotkey | 32 | |
| Basic commands | 85 | |
| Build / train | 103 | |
| ESC pressed | 2 | |
| Enter build submenu | 21 | |
| Enter hero's abilities submenu | 14 | |
| Give item / drop item | 3 | |
| Right click | 769 | |
| Select / deselect | 331 | |
| Select group hotkey | 622 | |
| Use ability | 76 | |
2058 total
» units
| Acolyte | 8 | |
| Ghoul | 4 | |
| Crypt Fiend | 16 | |
| Goblin Shredder | 2 | |
| Frost Wyrm | 21 | |
51 total
» upgrades
| Creature Attack | 3 | |
| Creature Carapace | 4 | |
| Web | 1 | |
| Freezing Breath | 1 | |
| Unholy Strength | 2 | |
| Unholy Armor | 2 | |
| Burrow | 1 | |
| Cannibalize | 1 | |
| Ghoul Frenzy | 1 | |
| Stone Form | 1 | |
17 total
» buildings
| Crypt | 1 | |
| Graveyard | 1 | |
| Altar of Darkness | 1 | |
| Ziggurat | 9 | |
| Tomb of Relics | 1 | |
| Halls of the Dead | 3 | |
| Black Citadel | 2 | |
| Sacrificial Pit | 1 | |
| Boneyard | 3 | |
22 total
» build order
00:28 Crypt
00:31 Graveyard
00:43 Altar of Darkness
00:59 Ziggurat
01:20 Tomb of Relics
02:02 Ziggurat
03:52 Ziggurat
06:12 Halls of the Dead
06:12 Halls of the Dead
06:22 Ziggurat
07:13 Ziggurat
07:16 Ziggurat
07:54 Ziggurat
08:19 Ziggurat
08:34 Black Citadel
08:34 Black Citadel
08:48 Sacrificial Pit
10:00 Ziggurat
10:55 Boneyard
10:57 Boneyard
11:13 Boneyard
» items
| Rod of Necromancy | 1 | |
| Sacrificial Skull | 1 | |
| Scroll of Town Portal | 1 | |
| Orb of Corruption | 1 | |
4 total
NerdKilla (
green | 27 APM | 716 actions | 26:51)
8 Paladin
3 Holy Light
1 Divine Shield
3 Devotion Aura
1 Resurrection
2 Mountain King
1 Storm Bolt
1 Bash
» actions
| Basic commands | 4 | |
| Build / train | 69 | |
| Enter build submenu | 31 | |
| Enter hero's abilities submenu | 11 | |
| Right click | 266 | |
| Select / deselect | 263 | |
| Use ability | 72 | |
716 total
» units
| Peasant | 12 | |
| Footman | 8 | |
| Knight | 16 | |
| Priest | 5 | |
41 total
» upgrades
| Defend | 1 | |
| Lumber Harvesting | 1 | |
| Animal War Training | 1 | |
| Priest Training | 2 | |
| Plating | 1 | |
| Swords | 1 | |
7 total
» buildings
| Altar of Kings | 1 | |
| Farm | 13 | |
| Barracks | 2 | |
| Scout Tower | 4 | |
| Lumber Mill | 1 | |
| Arcane Tower | 1 | |
| Keep | 1 | |
| Arcane Vault | 1 | |
| Guard Tower | 3 | |
| Castle | 1 | |
| Town Hall | 4 | |
| Blacksmith | 1 | |
| Arcane Sanctum | 1 | |
34 total
» build order
00:12 Altar of Kings
00:28 Farm
01:10 Farm
01:26 Barracks
01:48 Farm
02:12 Scout Tower
02:27 Farm
02:35 Lumber Mill
02:40 Arcane Tower
03:11 Keep
03:19 Farm
03:57 Farm
04:46 Scout Tower
05:23 Arcane Vault
05:27 Guard Tower
06:02 Castle
06:31 Scout Tower
07:08 Farm
07:13 Guard Tower
07:55 Town Hall
08:03 Blacksmith
08:45 Barracks
09:30 Arcane Sanctum
10:37 Farm
11:05 Farm
11:46 Farm
11:49 Farm
12:36 Town Hall
13:09 Farm
14:53 Farm
17:50 Scout Tower
18:38 Town Hall
18:39 Guard Tower
22:28 Town Hall
» items
| Scroll of Regeneration | 2 | |
| Scroll of Town Portal | 1 | |
3 total
4.2.0. (
orange | 27 APM | 715 actions | 26:51)
4 Demon Hunter
2 Immolation
2 Evasion
» actions
| Assign group hotkey | 30 | |
| Basic commands | 13 | |
| Build / train | 53 | |
| ESC pressed | 1 | |
| Enter build submenu | 14 | |
| Enter hero's abilities submenu | 5 | |
| Remove unit from queue | 1 | |
| Right click | 260 | |
| Select / deselect | 180 | |
| Select group hotkey | 130 | |
| Use ability | 28 | |
715 total
» units
| Wisp | 11 | |
| Archer | 5 | |
| Huntress | 11 | |
| Glaive Thrower | 1 | |
| Hippogryph | 8 | |
| Chimaera | 8 | |
44 total
» upgrades
» buildings
| Moon Well | 6 | |
| Altar of Elders | 1 | |
| Ancient of War | 1 | |
| Hunter's Hall | 1 | |
| Tree of Ages | 1 | |
| Ancient of Wind | 2 | |
| Tree of Eternity | 1 | |
| Chimaera Roost | 2 | |
15 total
» build order
00:10 Moon Well
00:28 Altar of Elders
00:36 Ancient of War
02:25 Hunter's Hall
02:47 Moon Well
04:47 Tree of Ages
04:57 Moon Well
07:32 Ancient of Wind
07:59 Ancient of Wind
08:23 Moon Well
08:37 Tree of Eternity
09:52 Moon Well
11:47 Moon Well
12:04 Chimaera Roost
12:58 Chimaera Roost
BrownBook (
red | 119 APM | 3189 actions | 26:51)
10 Archmage
3 Summon Water Elemental
3 Brilliance Aura
1 Mass Teleport
3 Blizzard
» actions
| Assign group hotkey | 79 | |
| Basic commands | 136 | |
| Build / train | 134 | |
| ESC pressed | 2 | |
| Enter build submenu | 46 | |
| Enter hero's abilities submenu | 11 | |
| Give item / drop item | 2 | |
| Right click | 1257 | |
| Select / deselect | 507 | |
| Select group hotkey | 763 | |
| Use ability | 252 | |
3189 total
» units
| Peasant | 19 | |
| Footman | 8 | |
| Goblin Shredder | 3 | |
| Dragonhawk Rider | 7 | |
| Gryphon Rider | 3 | |
| Siege Engine | 1 | |
41 total
» upgrades
| Masonry | 3 | |
| Defend | 1 | |
| Lumber Harvesting | 2 | |
| Swords | 3 | |
| Armor | 3 | |
| Animal War Training | 1 | |
| Cloud | 1 | |
| Storm Hammers | 1 | |
| Plating | 3 | |
| Gunpowder | 3 | |
| Backpack | 1 | |
| Flak Cannons | 1 | |
| Flying Machine Bombs | 1 | |
| Flare | 2 | |
| Barrage | 1 | |
| Fragmentation Shards | 1 | |
28 total
» buildings
| Altar of Kings | 3 | |
| Barracks | 1 | |
| Farm | 10 | |
| Arcane Vault | 1 | |
| Town Hall | 1 | |
| Scout Tower | 12 | |
| Lumber Mill | 1 | |
| Arcane Tower | 4 | |
| Keep | 3 | |
| Blacksmith | 1 | |
| Guard Tower | 19 | |
| Castle | 2 | |
| Gryphon Aviary | 5 | |
| Workshop | 4 | |
| Cannon Tower | 4 | |
71 total
» build order
00:06 Altar of Kings
00:08 Barracks
00:11 Altar of Kings
00:13 Altar of Kings
00:16 Farm
00:58 Farm
01:33 Farm
02:52 Arcane Vault
03:29 Town Hall
04:27 Farm
05:22 Farm
05:32 Scout Tower
05:39 Lumber Mill
05:58 Scout Tower
06:07 Arcane Tower
06:29 Arcane Tower
06:29 Arcane Tower
06:54 Keep
06:55 Keep
07:15 Farm
07:55 Blacksmith
08:37 Scout Tower
08:40 Scout Tower
08:43 Scout Tower
08:45 Scout Tower
08:54 Scout Tower
08:59 Scout Tower
09:01 Scout Tower
09:05 Scout Tower
09:08 Guard Tower
09:09 Guard Tower
09:09 Guard Tower
09:16 Guard Tower
09:22 Castle
09:23 Guard Tower
09:23 Guard Tower
09:33 Guard Tower
09:34 Guard Tower
09:41 Farm
09:54 Farm
10:03 Farm
10:52 Gryphon Aviary
10:53 Gryphon Aviary
10:54 Gryphon Aviary
10:54 Gryphon Aviary
11:58 Guard Tower
12:25 Farm
12:28 Scout Tower
13:01 Guard Tower
13:01 Guard Tower
13:02 Guard Tower
17:10 Gryphon Aviary
20:01 Workshop
20:02 Workshop
20:02 Workshop
20:05 Workshop
25:35 Scout Tower
26:21 Guard Tower
26:22 Cannon Tower
26:22 Cannon Tower
26:23 Cannon Tower
» items
| Scroll of Regeneration | 5 | |
| Scroll of Town Portal | 2 | |
| Ivory Tower | 1 | |
| Potion of Healing | 2 | |
| Staff of Sanctuary | 1 | |
| Lesser Clarity Potion | 1 | |
| Orb of Fire | 1 | |
13 total
team 2 (loser)

»
wuffle_t (
blue | 87 APM | 1558 actions | 17:56)
4 Blademaster
2 Wind Walk
2 Critical Strike
3 Naga Sea Witch
2 Frost Arrows
1 Forked Lightning
» actions
| Assign group hotkey | 33 | |
| Basic commands | 12 | |
| Build / train | 98 | |
| ESC pressed | 1 | |
| Enter build submenu | 20 | |
| Enter hero's abilities submenu | 7 | |
| Give item / drop item | 2 | |
| Right click | 579 | |
| Select / deselect | 235 | |
| Select group hotkey | 486 | |
| Use ability | 85 | |
1558 total
» units
| Peon | 18 | |
| Troll Headhunter/Berserker | 20 | |
| Shaman | 7 | |
| Troll Witch Doctor | 2 | |
47 total
» upgrades
| Ranged Weapons | 3 | |
| Armor | 1 | |
| Troll Regeneration | 1 | |
| Berserker Upgrade | 1 | |
| Shaman Training | 2 | |
| Witch Doctor Training | 3 | |
11 total
» buildings
| Altar of Storms | 1 | |
| Orc Burrow | 6 | |
| Voodoo Lounge | 1 | |
| War Mill | 1 | |
| Barracks | 2 | |
| Stronghold | 2 | |
| Watch Tower | 6 | |
| Fortress | 2 | |
| Great Hall | 1 | |
| Spirit Lodge | 2 | |
24 total
» build order
00:12 Altar of Storms
00:24 Orc Burrow
01:04 Voodoo Lounge
01:37 War Mill
01:43 Barracks
03:10 Stronghold
03:23 Orc Burrow
04:20 Orc Burrow
05:04 Watch Tower
05:51 Fortress
06:52 Great Hall
06:59 Spirit Lodge
07:24 Watch Tower
07:27 Watch Tower
07:36 Spirit Lodge
08:40 Watch Tower
08:50 Orc Burrow
11:34 Watch Tower
11:40 Orc Burrow
11:59 Orc Burrow
13:00 Watch Tower
17:04 Barracks
» items
| Healing Salve | 4 | |
| Lesser Clarity Potion | 3 | |
| Scroll of Town Portal | 2 | |
| Orb of Lightning | 1 | |
| Potion of Healing | 1 | |
11 total
xNEUF (
purple | 27 APM | 733 actions | 26:51)
4 Far Seer
2 Feral Spirit
2 Chain Lighting
1 Blademaster
1 Bladestorm
» actions
| Assign group hotkey | 15 | |
| Basic commands | 50 | |
| Build / train | 54 | |
| Enter build submenu | 17 | |
| Enter hero's abilities submenu | 5 | |
| Remove unit from queue | 2 | |
| Right click | 215 | |
| Select / deselect | 267 | |
| Select group hotkey | 66 | |
| Use ability | 42 | |
733 total
» units
| Peon | 12 | |
| Grunt | 8 | |
| Wind Rider | 10 | |
| Shaman | 5 | |
35 total
» upgrades
| Armor | 2 | |
| Ranged Weapons | 2 | |
| Melee Weapons | 0 | |
| Shaman Training | 2 | |
| Envenomed Spears | 1 | |
7 total
» buildings
| Altar of Storms | 1 | |
| Orc Burrow | 5 | |
| War Mill | 1 | |
| Barracks | 1 | |
| Stronghold | 1 | |
| Voodoo Lounge | 1 | |
| Beastiary | 2 | |
| Spirit Lodge | 1 | |
| Fortress | 1 | |
| Great Hall | 2 | |
16 total
» build order
00:05 Altar of Storms
00:08 Orc Burrow
01:11 War Mill
01:39 Barracks
01:53 Orc Burrow
03:03 Orc Burrow
04:24 Stronghold
05:49 Voodoo Lounge
07:01 Beastiary
07:04 Beastiary
08:10 Spirit Lodge
08:52 Fortress
09:49 Great Hall
13:06 Orc Burrow
17:07 Orc Burrow
22:51 Great Hall
» items
| Healing Salve | 1 | |
| Lesser Clarity Potion | 1 | |
2 total
andre_vetbr (
pink | 34 APM | 620 actions | 18:03)
4 Pandaren Brewmaster
2 Drunken Haze
2 Breath of Fire
» actions
| Basic commands | 1 | |
| Build / train | 42 | |
| Enter build submenu | 19 | |
| Enter hero's abilities submenu | 4 | |
| Right click | 218 | |
| Select / deselect | 262 | |
| Use ability | 74 | |
620 total
» units
| Peon | 8 | |
| Grunt | 9 | |
| Troll Witch Doctor | 1 | |
| Goblin Shredder | 2 | |
| Tauren | 3 | |
23 total
» upgrades
| Berserker Strength | 1 | |
| Pillage | 1 | |
| Melee Weapons | 1 | |
| Armor | 1 | |
| Witch Doctor Training | 2 | |
| Reinforced Defenses | 1 | |
| Spiked Barricades | 1 | |
8 total
» buildings
| Barracks | 2 | |
| Orc Burrow | 8 | |
| Altar of Storms | 1 | |
| Stronghold | 1 | |
| Voodoo Lounge | 3 | |
| War Mill | 1 | |
| Fortress | 1 | |
| Spirit Lodge | 1 | |
| Great Hall | 1 | |
| Tauren Totem | 2 | |
21 total
» build order
00:05 Barracks
00:08 Orc Burrow
00:53 Barracks
01:35 Altar of Storms
02:13 Orc Burrow
03:12 Stronghold
03:42 Orc Burrow
04:01 Voodoo Lounge
04:30 War Mill
05:08 Orc Burrow
08:05 Fortress
08:08 Spirit Lodge
08:17 Orc Burrow
09:06 Great Hall
12:03 Orc Burrow
12:19 Orc Burrow
12:27 Voodoo Lounge
12:55 Tauren Totem
13:00 Tauren Totem
16:49 Voodoo Lounge
17:38 Orc Burrow
» items
| Healing Salve | 3 | |
| Scroll of Town Portal | 1 | |
4 total
kellonie (
teal | 32 APM | 871 actions | 26:51)
4 Death Knight
2 Death Coil
2 Unholy Aura
4 Crypt Lord
2 Impale
2 Spiked Carapace
4 Lich
2 Frost Nova
2 Frost Armor
2 Blademaster
1 Wind Walk
1 Bladestorm
1 Naga Sea Witch
1 Mana Shield
» actions
| Assign group hotkey | 19 | |
| Basic commands | 29 | |
| Build / train | 95 | |
| Enter build submenu | 28 | |
| Enter hero's abilities submenu | 15 | |
| Remove unit from queue | 4 | |
| Right click | 207 | |
| Select / deselect | 284 | |
| Select group hotkey | 112 | |
| Use ability | 78 | |
871 total
» units
| Acolyte | 8 | |
| Ghoul | 2 | |
| Crypt Fiend | 14 | |
| Goblin Shredder | 1 | |
| Obsidian Statue | 2 | |
| Frost Wyrm | 7 | |
| Shaman | 14 | |
| Tauren | 9 | |
57 total
» upgrades
| Creature Attack | 3 | |
| Creature Carapace | 2 | |
| Freezing Breath | 1 | |
| Web | 1 | |
7 total
» buildings
| Ziggurat | 27 | |
| Altar of Darkness | 2 | |
| Graveyard | 2 | |
| Crypt | 4 | |
| Tomb of Relics | 1 | |
| Halls of the Dead | 2 | |
| Black Citadel | 1 | |
| Slaughterhouse | 1 | |
| Sacrificial Pit | 1 | |
| Boneyard | 3 | |
| Nerubian Tower | 3 | |
| Spirit Tower | 1 | |
| Necropolis | 1 | |
| Watch Tower | 2 | |
51 total
» build order
00:16 Ziggurat
00:23 Altar of Darkness
01:05 Graveyard
01:10 Ziggurat
01:23 Crypt
02:17 Crypt
02:36 Ziggurat
06:10 Tomb of Relics
06:23 Ziggurat
07:19 Halls of the Dead
07:31 Ziggurat
09:44 Black Citadel
09:52 Slaughterhouse
10:05 Sacrificial Pit
10:25 Ziggurat
10:30 Ziggurat
10:32 Ziggurat
11:52 Ziggurat
12:09 Ziggurat
12:28 Boneyard
12:30 Boneyard
12:32 Boneyard
17:17 Nerubian Tower
17:54 Nerubian Tower
17:56 Spirit Tower
19:21 Necropolis
22:00 Ziggurat
22:01 Ziggurat
22:03 Ziggurat
22:04 Ziggurat
22:06 Ziggurat
22:07 Ziggurat
22:09 Ziggurat
22:11 Ziggurat
22:14 Ziggurat
22:16 Ziggurat
22:17 Ziggurat
22:19 Ziggurat
22:21 Ziggurat
22:23 Ziggurat
22:23 Ziggurat
22:24 Ziggurat
22:27 Ziggurat
22:34 Halls of the Dead
23:36 Altar of Darkness
23:47 Graveyard
23:53 Crypt
23:56 Crypt
24:09 Nerubian Tower
25:50 Watch Tower
25:50 Watch Tower
» items
Chat log
(00:12 / Allies) 4.2.0.: Y
(00:16 / All) 4.2.0.: you guys should just leave
(00:22 / All) xNEUF: lol
(00:23 / All) 4.2.0.: im fucking top on the ladder
(00:34 / All) 4.2.0.: level 69
(00:36 / Allies) BrownBook: .stats 4.2.0
(00:42 / All) xNEUF: 6-3 i bet
(00:44 / All) xNEUF: noob
(00:47 / All) 4.2.0.: im 69 on 1v1
(00:51 / All) 4.2.0.: faggot
(00:53 / All) 4.2.0.: im the king
(00:57 / All) 4.2.0.: on my other account
(00:58 / All) xNEUF: lol whats your name
(01:01 / All) 4.2.0.: just leave before you get raped
(01:03 / All) BrownBook: nobody plays wc3 anymore
(01:05 / All) BrownBook: rank doesn't mean shit
(01:10 / All) 4.2.0.: if no one places
(01:14 / All) 4.2.0.: then why are you playing
(01:28 / All) BrownBook: ebcause there is no better rts
(01:37 / All) 4.2.0.: Hint: to remove Fog of War, Press ALT + QQQ
(01:56 / All) BrownBook: I can beat top solo northrend players
(01:58 / All) BrownBook: I upload to highper.ch
(02:02 / All) BrownBook: with 1 hero
(02:04 / All) BrownBook: rank doesntm ean shit
(02:06 / All) kellonie: thats prolly why ur lvl 69 on 1vs1 cuz ur a hacker
(02:09 / All) 4.2.0.: well im the fucking god of dis game
(02:12 / All) 4.2.0.: so gtfo
(02:15 / All) xNEUF: haha
(02:18 / Allies) 4.2.0.: lmao
(02:19 / All) xNEUF: congrats
(02:35 / All) xNEUF: should be real proud
(02:40 / All) 4.2.0.: i am faggot
(03:04 / All) xNEUF: douche
(03:08 / Allies) marcos-: ...
(03:16 / All) 4.2.0.: look who the fuck is talking nigger
(03:22 / All) xNEUF: douche
(03:26 / All) 4.2.0.: you probably live in america
(03:27 / Allies) 4.2.0.: T
(03:30 / All) xNEUF: douche
(03:34 / All) 4.2.0.: the palce where they elect monkeys as presidents
(03:55 / All) wuffle_t: 2 arch down
(03:58 / All) wuffle_t: 3
(04:00 / All) wuffle_t: lol
(04:07 / All) 4.2.0.: don't need em
(04:12 / All) wuffle_t: k
(04:22 / All) 4.2.0.: how the fuck do I play
(04:31 / All) 4.2.0.: more exp for me
(04:32 / All) xNEUF: yeah you bloe
(04:34 / All) xNEUF: lol
(05:02 / Allies) 4.2.0.: lmao
(06:13 / Allies) 4.2.0.: I can't tell if the other team is full of dumbasses
(06:18 / Allies) 4.2.0.: Or they knew I was joking
(06:58 / Allies) 4.2.0.: waste
(08:27 / Allies) 4.2.0.: wood plox
(10:45 / All) 4.2.0.: how the fuck
(10:48 / All) 4.2.0.: do i play
(10:57 / Allies) 4.2.0.: kill peons
(11:15 / Allies) 4.2.0.: out
(11:17 / All) xNEUF: get raped
(11:22 / Allies) NerdKilla: b yel
(11:28 / All) BrownBook: now my food is free and I can make t3
(11:33 / Allies) 4.2.0.: yellow go back
(11:55 / All) 4.2.0.: as long as your happy babe
(12:07 / Allies) marcos-: gold?
(12:10 / Allies) NerdKilla: regroup
(12:11 / Allies) 4.2.0.: same here
(12:47 / All) BrownBook: why do you only shit talk wehn you're winning bro?
(13:01 / All) 4.2.0.: cause I have no life
(13:04 / All) BrownBook: not you
(13:05 / All) BrownBook: purple
(13:07 / All) BrownBook: you're pretty cool
(13:18 / All) xNEUF: thanks
(13:30 / All) xNEUF: means a lot from a fellow wc player
(13:30 / All) BrownBook: not sure if bad reading comprehension or stupid
(13:31 / All) BrownBook: but ok
(14:29 / All) BrownBook: get raped!
(14:31 / All) BrownBook: bye!
(15:21 / Allies) 4.2.0.: the tauren
(15:24 / Allies) 4.2.0.: take out the tauren
(15:25 / Allies) 4.2.0.: nvm.
(15:40 / Allies) marcos-: gold?
(16:09 / Allies) 4.2.0.: oh my god look chims
(16:11 / Allies) 4.2.0.: time to kill!
(16:16 / Allies) 4.2.0.: gold plox
(16:28 / Allies) 4.2.0.: yo red
(16:29 / Allies) 4.2.0.: gold plox
(16:36 / Allies) 4.2.0.: ty
(17:35 / All) BrownBook: I got mass tp gg leave
(18:00 / All) BrownBook: ok good
(18:02 / All) BrownBook: now the rest of you
(18:03 / All) BrownBook: can go
(18:03 / All) BrownBook: ok?
(18:04 / All) BrownBook: bye!
(18:20 / Allies) 4.2.0.: control my shit
(18:20 / Allies) 4.2.0.: brb
(19:26 / All) xNEUF: HAHAHAHA
(19:30 / All) BrownBook: ?
(19:32 / All) xNEUF: i hope you drop
(19:35 / Allies) NerdKilla: b
(19:38 / All) BrownBook: you aren't going to win btw
(19:45 / All) xNEUF: kill me then
(19:53 / All) BrownBook: ok omw
(20:11 / Allies) 4.2.0.: back
(20:21 / All) BrownBook: sup
(20:24 / All) BrownBook: nice burrows
(20:27 / All) BrownBook: nice heavy armour vs magic
(20:37 / Allies) marcos-: tp
(20:42 / Allies) 4.2.0.: probably need to break their little air
(20:46 / All) xNEUF: your talking shit to someone who doesnt care?
(20:47 / All) BrownBook: not the time to base race buddy
(20:49 / Allies) marcos-: tp
(20:50 / All) xNEUF: Lol
(20:50 / Allies) NerdKilla: tp
(20:52 / All) BrownBook: if you didnt'care you would have elft
(20:55 / All) BrownBook: you car eaboit your record
(20:59 / Allies) BrownBook: sec
(21:03 / Allies) marcos-: tpppppppp
(21:04 / All) xNEUF: how so?
(21:09 / Allies) NerdKilla: TP
(21:28 / Allies) marcos-: tp
(21:29 / Allies) marcos-: or gg
(21:33 / All) BrownBook: gg
(21:34 / All) BrownBook: out
(21:35 / All) BrownBook: out
(21:36 / All) BrownBook: so fucking bad
(21:37 / All) BrownBook: 40 apm trash
(21:38 / All) BrownBook: out
(21:59 / All) 4.2.0.: gtfo plox
(22:05 / All) BrownBook: leave, oj and I raepd you guys
(22:06 / All) xNEUF: nahhh
(22:09 / Allies) NerdKilla: gj
(22:17 / All) xNEUF: learn to type bro
(22:19 / All) xNEUF: lol
(22:25 / All) BrownBook: I can type fine
(22:25 / All) 4.2.0.: how the fuck
(22:28 / All) 4.2.0.: do i internet
(22:41 / All) BrownBook: free xp tyvm
(22:58 / Allies) marcos-: lol
(23:51 / All) xNEUF: too funny
(24:01 / All) 4.2.0.: i warned you
(24:01 / All) BrownBook: you lost top two top 100 players bro
(24:08 / All) BrownBook: yeah oj was polite
(24:10 / All) BrownBook: he warned you scrubs
(24:19 / All) xNEUF: oj your chims arent even upgraded
(24:24 / All) 4.2.0.: dun care
(24:28 / All) xNEUF: if you were 1v1 69 you would have upgraded
(24:32 / All) 4.2.0.: I was afk half the round man
(24:33 / All) xNEUF: thats how you play 1v1
(24:38 / All) xNEUF: haha your an idiot
(24:56 / All) 4.2.0.: It just shows how you suck even more.
(24:56 / All) xNEUF: yeah me too gone half the game
(25:06 / All) xNEUF: i was gone half the game
(25:13 / All) BrownBook: 4 peon surround
(25:14 / All) 4.2.0.: Cool.
(25:15 / All) BrownBook: how mad you are bro
(25:52 / All) 4.2.0.: lmao
(26:21 / All) xNEUF: oj lets 1v1
(26:23 / All) 4.2.0.: Stop being a bitch and leave.
(26:26 / All) BrownBook: can I obs?
(26:28 / All) BrownBook: he will rape you
(26:28 / All) xNEUF: nahh
(26:35 / All) BrownBook: ok I know the outcome anyway
(26:36 / All) xNEUF: ok
(26:45 / All) xNEUF: haha
(26:47 / All) 4.2.0.: lol spamming buildings
(26:48 / All) xNEUF: okay red